 Dungeon Crawl Stone Soup version 0.28.0-45-g0d030f2227 (webtiles) character file.

Game seed: 1658854375008712962

12634 Zeld the Destroyer (level 11, -9/86 HPs)
             Began as a Grey Draconian Conjurer on Apr 8, 2022.
             Was a Believer of Sif Muna.
             Mangled by a komodo dragon (25 damage)
             ... on level 1 of the Lair of Beasts.
             The game lasted 00:20:45 (18796 turns).

Zeld the Destroyer (Grey Draconian Conjurer)       Turns: 18796, Time: 00:20:46

Health: -9/86      AC: 13    Str:  9    XL:     11   Next: 65%
Magic:  14/24      EV: 12    Int: 24    God:    Sif Muna [**....]
Gold:   558        SH:  0    Dex:  9    Spells: 18/29 levels left

rFire   . . .      SeeInvis .   (no weapon)
rCold   . . .      Faith    .   (no shield)
rNeg    . . .      Spirit   .   (armour unavailable)
rPois   .          Reflect  .   (helmet restricted)
rElec   .          Harm     .   (no cloak)
rCorr   .          Rampage  .   (no gloves)
Will    .....                   m - +0 pair of boots
Stlth   ++........              (no amulet)
HPRegen 0.24/turn               (no ring)
MPRegen 0.19/turn               (no ring)

@: no status effects
A: AC +12, amphibious, unfitting armour, cold-blooded
a: Renounce Religion, Channel Magic


You were on level 1 of the Lair of Beasts.
You worshipped Sif Muna.
Sif Muna was pleased with you.
You visited 3 branches of the dungeon, and saw 13 of its levels.
You also visited: Ice Cave.

You collected 558 gold pieces.

Inventory:

Armour
 m - a +0 pair of boots (worn)
Wands
 f - a wand of polymorph (7)
 p - a wand of charming (5)
 q - a wand of iceblast (9)
Scrolls
 a - 6 scrolls of teleportation
 b - a scroll of magic mapping
 c - 2 scrolls of amnesia
 e - 3 scrolls of blinking
 j - 2 scrolls of enchant armour
 o - a scroll of vulnerability {unknown}
Potions
 g - 2 potions of lignification {unknown}
 h - a potion of flight {unknown}
 i - a potion of magic {unknown}
 k - 2 potions of brilliance {unknown}
 l - 4 potions of curing
 n - a potion of cancellation {unknown}
 r - 2 potions of heal wounds {unknown}


   Skills:
 - Level 5.0 Fighting
 - Level 2.0 Dodging
 - Level 2.0 Stealth
 + Level 9.9 Spellcasting
 - Level 12.0 Conjurations
 - Level 2.0 Hexes
 - Level 2.0 Translocations
 - Level 10.0 Invocations


You had 18 spell levels left.
You knew the following spells:

 Your Spells              Type           Power      Damage    Failure   Level
a - Magic Dart            Conj           100%       1d8       1%          1
b - Searing Ray           Conj           100%       2d8       1%          2
c - Fulminant Prism       Conj/Hex       22%        3d13      3%          4
d - Iskenderun's Mystic   Conj/Tloc      45%        2d10      3%          4

Your spell library contained the following spells:

 Spells                   Type           Power      Damage    Failure   Level
 Dazzling Flash           Conj/Hex       90%        N/A       1%          3
 Slow                     Hex            84%        N/A       2%          1
 Animate Skeleton         Necr           22%        N/A       5%          1
 Freeze                   Ice            44%        1d6       5%          1
 Pain                     Necr           44%        1d6       5%          1
 Confusing Touch          Hex            21%        N/A       7%          3
 Corpse Rot               Necr/Air       22%        N/A       9%          2
 Lightning Bolt           Conj/Air       20%        1d35      13%         5
 Vampiric Draining        Necr           11%        2d6       16%         3
 Passage of Golubria      Tloc           21%        N/A       24%         4
 Leda's Liquefaction      Hex/Erth       8%         N/A       34%         4
 Silence                  Hex/Air        8%         N/A       69%         5
 Agony                    Necr           11%        N/A       83%         5
 Excruciating Wounds      Necr           5%         N/A       83%         5
 Lehudib's Crystal Spear  Conj/Erth      20%        10d6      100%        8


Dungeon Overview and Level Annotations

Branches:
Dungeon (9/15)             Temple (1/1) D:6            Lair (3/6) D:8
  IceCv (visited)
  Swamp: Lair:2-4    Shoals: Lair:2-4     Snake: Lair:2-4    Spider: Lair:2-4
    Orc: D:9-12

Altars:
Ashenzari
Cheibriados
Dithmenos
Elyvilon
Fedhas
Gozag
Hepliaklqana
Kikubaaqudgha
Makhleb
Nemelex Xobeh
Okawaru
Qazlal
Ru
Sif Muna
Trog
Uskayaw
Vehumet
Wu Jian
Xom
Yredelemnul
Zin
The Shining One

Shops:
D:2 =   D:5 (   D:8 :

Annotations:
D:6 2 transporters, nickcage's ghost, novice MiFi


Innate Abilities, Weirdness & Mutations

Your dull iron-grey scales are very hard. (AC +12)
You are amphibious.
You cannot fit into any form of body armour.
You are cold-blooded and may be slowed by cold attacks.


Message History

(Press . to maintain the ray.)
The searing ray hits the komodo dragon!
The komodo dragon is moderately wounded.
Casting: Searing Ray (safe; 1% risk of failure)
Confirm with . or Enter, or press ? or * to list all spells.
Restarting spell: Searing Ray (safe; 1% risk of failure)
Press: ? - help, Shift-Dir - straight line, f/p - komodo dragon
Aim: a komodo dragon (moderately wounded, 87% to hit)
The searing ray hits the komodo dragon.
The komodo dragon is moderately wounded. (Press . to maintain the ray.)
The komodo dragon bites you but does no damage.
The searing ray hits the komodo dragon.
The komodo dragon is moderately wounded.
The komodo dragon closely misses you.
The searing ray hits the komodo dragon but does no damage.
The komodo dragon is moderately wounded.
The komodo dragon bites you but does no damage.
The searing ray hits the komodo dragon but does no damage.
The komodo dragon is moderately wounded.
You finish channelling your searing ray.
The komodo dragon bites you!
Casting: Searing Ray (safe; 1% risk of failure)
Confirm with . or Enter, or press ? or * to list all spells.
Aiming: Searing Ray (safe; 1% risk of failure)
Press: ? - help, Shift-Dir - straight line, f/p - komodo dragon
Aim: a komodo dragon (moderately wounded, 87% to hit)
The searing ray hits the komodo dragon but does no damage.
The komodo dragon is moderately wounded. (Press . to maintain the ray.)
The komodo dragon bites you!!
* * * LOW HITPOINT WARNING * * *
The searing ray hits the komodo dragon but does no damage.
The komodo dragon is moderately wounded.
The komodo dragon bites you!
* * * LOW HITPOINT WARNING * * *
As you read the scroll of fear, it crumbles to dust.
You assume a fearsome visage.
The komodo dragon easily resists.
The komodo dragon bites you!!
You die...

.# *#...###P#*,** *,,,,,,,
.####........,,,** *,.....,
.#.##........,,,,* *.....,.
.............,,,** *.......
....PP.......,,,* *P..#...
.#,#P...#,#.#,*** *#.##...
*###P..##*#.###### ######.##...
#......# #..#P..#####..##..#....
##.##..(###.....@l.#.............
..>###.......####......###...)...
....#..####...#.##....##.#.......
.......#..##..#...#...##.##......
##.#...#.....#............#/.....
##...###.....#.###....P÷.##...l..
#..†..##.##........÷#..÷.....#.P
*#....†.........#..#..###...#...#
#..≈≈≈..#.....#######...###..##l#


You could see a komodo dragon.

Vanquished Creatures
  A two-headed ogre (D:8)
  2 black mambas
  Maggie (Lair:1)
  4 komodo dragons
  A rime drake (Lair:2)
  A troll (D:8)
  4 polar bears (IceCv)
  22 yaks
  2 wyverns
  2 basilisks
  5 water moccasins
  An acid dragon (D:9)
  3 orc warriors
  2 ice beasts
  2 necrophages (D:6)
  A black bear (D:7)
  2 ogres
  16 wolves
  A centaur (D:5)
  2 bullfrogs
  A kobold brigand (D:6)
  A scorpion (D:6)
  A wyvern zombie (D:9)
  A gnoll sergeant (D:8)
  A water moccasin skeleton (D:6)
  12 killer bees
  7 wights
  2 howler monkeys (D:7)
  A jelly (D:6)
  A lava snake (Lair:1)
  5 orc priests
  2 bullfrog skeletons
  A centaur skeleton (D:4)
  2 hounds (D:6)
  Ijyb (D:4)
  5 iguanas
  5 orc wizards
  3 gnolls (D:8)
  A howler monkey zombie (D:9)
  7 adders
  2 ufetubi
  A worm (D:2)
  2 dart slugs
  14 orcs
  4 endoplasms
  3 goblins
  8 hobgoblins
  5 quokkas
  8 ball pythons
  7 bats
  2 frilled lizards
  7 kobolds
  7 rats
205 creatures vanquished.

Vanquished Creatures (others)
  2 wights (D:9)
  3 fulminant prisms
  6 fungi
  27 plants
38 creatures vanquished.

Grand Total: 243 creatures vanquished

Notes
Turn   | Place    | Note
-------+----------+-------------------------------------------
     0 | D:1      | Zeld the Draconian Conjurer began the quest for the Orb.
     0 | D:1      | Reached XP level 1. HP: 14/14 MP: 3/3
   240 | D:1      | Reached XP level 2. HP: 20/20 MP: 0/5
   603 | D:1      | Learned a level 2 spell: Searing Ray
  1795 | D:2      | Reached XP level 3. HP: 26/26 MP: 4/6
  2301 | D:2      | Found a faded altar of an unknown god.
  2340 | D:2      | Found Yrioneg's Jewellery Shop.
  2941 | D:3      | Reached XP level 4. HP: 34/34 MP: 6/8
  3378 | D:4      | Reached skill level 1 in Fighting
  3378 | D:4      | Reached skill level 5 in Conjurations
  3385 | D:4      | Learned a level 4 spell: Fulminant Prism
  3764 | D:4      | Reached XP level 5. HP: 40/40 MP: 3/9
  4108 | D:4      | Noticed Ijyb
  4533 | D:4      | Killed Ijyb
  5269 | D:5      | Entered Level 5 of the Dungeon
  5269 | D:5      | Found Zoynafau's Weapon Boutique.
  5278 | D:5      | Noticed an ogre
  5288 | D:5      | Killed an ogre
  5289 | D:5      | Reached XP level 6. HP: 45/50 MP: 4/11
  5294 | D:5      | Learned a level 4 spell: Iskenderun's Mystic Blast
  5476 | D:5      | Reached skill level 6 in Conjurations
  5632 | D:5      | Noticed an orc warrior
  5970 | D:5      | Got Jaqeafrau's Sorcery, Part One
  6585 | D:5      | Reached skill level 1 in Translocations
  6663 | D:5      | Reached skill level 1 in Hexes
  6663 | D:5      | Your scales start taking on a dull iron-grey colour.
  6663 | D:5      | Reached XP level 7. HP: 54/57 MP: 7/12
  8394 | D:6      | Found a staircase to the Ecumenical Temple.
  8409 | D:6      | Found a transporter.
  8409 | D:6      | Noticed nickcage's ghost (novice MiFi)
  8412 | D:6      | Found a transporter.
  8423 | Temple   | Entered the Ecumenical Temple
  8650 | Temple   | Became a worshipper of Sif Muna the Loreminder
  8785 | D:6      | Reached skill level 1 in Invocations
  8890 | D:6      | Reached skill level 7 in Conjurations
  9077 | D:6      | Reached XP level 8. HP: 66/66 MP: 6/14
  9691 | D:7      | Reached skill level 5 in Spellcasting
  9691 | D:7      | Reached skill level 8 in Conjurations
  9761 | D:7      | Reached skill level 5 in Fighting
  9765 | D:7      | Reached XP level 9. HP: 30/74 MP: 1/17
 10066 | D:7      | Reached * piety under Sif Muna
 10354 | D:7      | Got Zilehion's Disquisition on the Flying Mountains
 10472 | D:7      | Reached skill level 9 in Conjurations
 11028 | D:8      | Noticed a two-headed ogre
 11028 | D:8      | Found Gaeplat's Book Boutique.
 11395 | D:8      | Reached skill level 5 in Invocations
 11593 | D:8      | Found a staircase to the Lair.
 11694 | D:8      | Noticed a troll
 11730 | D:8      | Killed a troll
 11902 | D:8      | Killed a two-headed ogre
 11903 | D:8      | Reached skill level 10 in Conjurations
 12297 | D:8      | Reached XP level 10. HP: 81/81 MP: 14/19
 12923 | D:9      | Reached ** piety under Sif Muna
 12929 | D:9      | Reached skill level 11 in Conjurations
 13404 | D:9      | Found an ancient bone altar of Kikubaaqudgha.
 13408 | D:9      | Found a basalt altar of Yredelemnul.
 13409 | D:9      | Found a sparkling altar of Nemelex Xobeh.
 13410 | D:9      | Found a glowing silver altar of Zin.
 13410 | D:9      | Found a shadowy altar of Dithmenos.
 13410 | D:9      | Found a bloodstained altar of Trog.
 13410 | D:9      | Found a broken altar of Ashenzari.
 13412 | D:9      | Found a radiant altar of Vehumet.
 13414 | D:9      | Found a shimmering altar of Xom.
 13680 | D:9      | Noticed a boulder beetle
 13915 | Lair:1   | Entered Level 1 of the Lair of Beasts
 13962 | Lair:1   | Noticed a black mamba
 13975 | Lair:1   | Killed a black mamba
 13981 | Lair:1   | Found a frozen archway.
 13988 | IceCv    | Entered an ice cave
 14805 | IceCv    | Reached skill level 12 in Conjurations
 15270 | IceCv    | Reached XP level 11. HP: 32/86 MP: 1/23
 16440 | IceCv    | Noticed a death yak
 18367 | Lair:1   | Reached skill level 10 in Invocations
 18498 | Lair:1   | Noticed Maggie
 18516 | Lair:1   | Killed Maggie
 18796 | Lair:1   | Mangled by a komodo dragon

Illustrated notes

Levels and vault maps discovered:
D:1:      minmay_arrival_wavy_path, layout_basic, chequers_serial_rivers_micro_a
D:2:      layout_loops_ring, ebering_ecumenical_altar_webs, serial_shops,
          shop_statue
D:3:      layout_rooms, corner_web_ring
D:4:      layout_basic, minmay_starry_boxes, uniq_ijyb
D:5:      layout_basic, serial_shops, shop
D:6:      layout_basic, minmay_temple_entry_junction, gammafunk_ghost_arena
D:7:      layout_basic
D:8:      layout_basic, lair_entry_dummy, serial_shops, nicolae_stop_n_shop_2
D:9:      layout_small_grid, minitemple
Temple:   nicolae_temple_figure_eight
Lair:1:   beast_lair_carwin_large_4, layout_gridlike,
          portal_ice_cave_entry_pillars_1, grunt_forest_large_clearing_hut,
          uniq_maggie
Lair:2:   layout_chaotic_city, serial_forest, infiniplex_forest_split,
          infiniplex_forest_clump_C, infiniplex_forest_clump_large,
          infiniplex_forest_clump_tiny, infiniplex_forest_clump_long,
          infiniplex_forest_straight_4, infiniplex_forest_fountain, st_stairs_10
Lair:3:   layout_long_grid, kennysheep_snail_temple

Skill      XL: |  1  2  3  4  5  6  7  8  9 10 11 |
---------------+----------------------------------+-----
Dodging        | 2 |  2.0
Stealth        | 2 |  2.0
Spellcasting   | 3 4 5 6 8 9 |  9.9
Fighting       | 1 2 3 5 |  5.0
Conjurations   | 5 6 7 8 10 12 | 12.0
Translocations | 1 2 |  2.0
Hexes          | 1 2 |  2.0
Invocations    | 1 4 6 8 10 | 10.0

Action                   |  1- 3 |  4- 6 |  7- 9 | 10-12 || total
-------------------------+-------+-------+-------+-------++-------
Melee: Unarmed           |    22 |    10 |    32 |     3 ||    67
       Tailslap          |     3 |     1 |     5 |       ||     9
       Punch             |     1 |       |     1 |       ||     2
 Cast: Magic Dart        |    90 |    55 |    60 |    21 ||   226
       Searing Ray       |     2 |    18 |    38 |   106 ||   164
       Iskenderun's Myst |       |       |     5 |     8 ||    13
       Fulminant Prism   |       |       |     1 |     2 ||     3
Invok: Channel Magic     |       |       |       |     1 ||     1
Evoke: Wand              |       |       |       |    11 ||    11
  Use: Scroll            |       |       |       |    16 ||    16
       Potion            |       |       |       |     1 ||     1
Armor: Skin              |     9 |    19 |    58 |   127 ||   213
Dodge: Dodged            |    14 |    36 |   100 |   188 ||   338
